 Dungeon Crawl Stone Soup version 0.29.1-2-gbd0b4ee654 (webtiles) character file.

Game seed: 4766465989355808598

378 Goreval the Sneak (level 6, -3/49 HPs)
             Began as a Naga Enchanter on Nov 16, 2022.
             Succumbed to Edmund's poison
             ... on level 4 of the Dungeon.
             The game lasted 00:12:06 (4274 turns).

Goreval the Sneak (Naga Enchanter)                  Turns: 4274, Time: 00:12:07

Health: -3/49      AC:  4    Str: 11    XL:     6   Next: 74%
Magic:  9/10       EV:  9    Int: 17    God:
Gold:   142        SH:  0    Dex: 11    Spells: 6/11 levels left

rFire   . . .      SeeInvis +   a - +1 dagger
rCold   . . .      Faith    .   (no shield)
rNeg    . . .      Spirit   .   b - +0 robe
rPois   +          Reflect  .   g - +0 helmet
rElec   .          Harm     .   (no cloak)
rCorr   .          Rampage  .   (no gloves)
Will    .....                   (no barding)
Stlth   +++.......              (no amulet)
HPRegen 0.16/turn               (no ring)
MPRegen 0.12/turn               (no ring)

@: lethally poisoned (-3 -> -19), attractive, very slow
A: AC +2, large, see invisible, deformed body, poison resistance, slowness 2,
spit poison 1, naga tail 1
a: Spit Poison


You were on level 4 of the Dungeon.
You visited 1 branch of the dungeon, and saw 4 of its levels.

You collected 142 gold pieces.

Inventory:

Hand Weapons
 a - a +1 dagger (weapon)
Missiles
 h - 7 stones
 o - a throwing net
Armour
 b - a +0 robe (worn)
 g - a +0 helmet (worn)
Scrolls
 d - a scroll of amnesia {unknown}
 e - a scroll of torment {unknown}
 j - a scroll of teleportation {unknown}
 l - a scroll of butterflies {unknown}
 n - a scroll of identify
 p - a scroll of enchant armour {unknown}
 q - a scroll of acquirement {unknown}
 r - a scroll of fear {unknown}
 s - a scroll of blinking
Potions
 c - 2 potions of invisibility
 i - a potion of degeneration {unknown}
 k - a potion of brilliance {unknown}
 m - a potion of heal wounds {unknown}
 t - a potion of magic {unknown}
 u - a potion of ambrosia {unknown}
 v - a potion of haste {unknown}


   Skills:
 * Level 3.8 Short Blades
 - Level 1.5 Dodging
 + Level 6.0 Stealth
 + Level 3.1 Spellcasting
 * Level 4.9 Hexes


You had 6 spell levels left.
You knew the following spells:

 Your Spells              Type           Power      Damage    Failure   Level
a - Ensorcelled Hibernat  Hex/Ice        22%        N/A       10%         2
b - Confusing Touch       Hex            19%        N/A       7%          3

Your spell library contained the following spells:

 Spells                   Type           Power      Damage    Failure   Level
 Tukima's Dance           Hex            19%        N/A       7%          3
 Magic Dart               Conj           8%         1d3       17%         1
 Dazzling Flash           Conj/Hex       22%        N/A       19%         3
 Searing Ray              Conj           4%         2d4       26%         2
 Fulminant Prism          Conj/Hex       5%         3d7       52%         4
 Silence                  Hex/Air        5%         N/A       86%         5
 Agony                    Necr           2%         N/A       99%         5


Dungeon Overview and Level Annotations

Branches:
Dungeon (4/15)
 Temple: D:4-7

Altars:

Shops:
D:1 :

Annotations:
D:3 Grinder
D:4 Edmund


Innate Abilities, Weirdness & Mutations

Your serpentine skin is tough. (AC +2)
You have supernaturally acute eyesight. (SInv)
Armour fits poorly on your strangely shaped body.
Your system is resistant to poisons. (rPois)
You cover ground very slowly.
You can spit poison.
You have a snake-like lower body.


Message History

Edmund hits you with a +2 dire flail of venom.
Okay, then.
Okay, then.
Edmund hits you with a +2 dire flail of venom!
A goblin comes into view. It is wielding a +0 dagger.
Aim: a goblin, wielding a +0 dagger (chance to affect: 62%)
Okay, then.
You have got your breath back.
Aim: Edmund, wielding a +2 dire flail of venom and wearing a +0 scale mail (lightly wounded, poisoned, not susceptible)
Okay, then.
Aim: a goblin, wielding a +0 dagger (chance to affect: 62%)
Okay, then.
The splash of poison hits Edmund but does no damage.
Edmund looks even sicker.
Edmund barely misses you.
Aim: Edmund, wielding a +2 dire flail of venom and wearing a +0 scale mail (lightly wounded, very poisoned, not susceptible)
Okay, then.
Edmund attacks as you move away!
Edmund hits you with a +2 dire flail of venom!
You are poisoned.
You feel very sick. Edmund barely misses you.
Aim: Edmund, wielding a +2 dire flail of venom and wearing a +0 scale mail (lightly wounded, very poisoned, not susceptible)
Okay, then.
You hit Edmund but do no damage.
You feel sick.
Edmund hits you with a +2 dire flail of venom.
* * * LOW HITPOINT WARNING * * *
You are lethally poisoned!
Aim: Edmund, wielding a +2 dire flail of venom and wearing a +0 scale mail (lightly wounded, very poisoned, not susceptible)
Okay, then.
As you read the scroll labelled LUPLUN FENA, it crumbles to dust.
It is a scroll of identify.
s - a scroll of blinking
* * * LOW HITPOINT WARNING * * *
You feel very sick.
Edmund hits you with a +2 dire flail of venom!
* * * LOW HITPOINT WARNING * * *
It was a potion of attraction.
You feel attractive to monsters.
You have got your breath back.
You die...

######....#
.........##
#######..# ..
##†.# #. ##.#.##
#. #.###.# #.
##)#.##
#.#####..####
#.......g@@.#
..(....######.####
#####.# #.# #.
##.# . #..# ##
#.†# #..# #..#
#..#


You could see Edmund (poisoned) and a goblin.

Vanquished Creatures
  Sigmund (D:2)
  A scorpion (D:4)
  Jessica (D:3)
  7 adders
  A worm (D:2)
  4 orcs
  6 endoplasms
  2 giant cockroaches
  9 goblins
  3 hobgoblins
  3 jackals (D:4)
  4 kobolds (D:1)
  4 quokkas
  4 ball pythons
  3 bats
  2 frilled lizards (D:1)
  7 rats
62 creatures vanquished.

Notes
Turn   | Place    | Note
-------+----------+-------------------------------------------
     0 | D:1      | Goreval the Naga Enchanter began the quest for the Orb.
     0 | D:1      | Reached XP level 1. HP: 15/15 MP: 3/3
   388 | D:1      | Reached XP level 2. HP: 7/22 MP: 5/5
   391 | D:1      | Learned a level 2 spell: Ensorcelled Hibernation
  1082 | D:1      | Found Oduamuj's Book Boutique.
  1439 | D:1      | Reached XP level 3. HP: 16/28 MP: 6/6
  1611 | D:1      | Learned a level 3 spell: Confusing Touch
  2366 | D:2      | Noticed Sigmund
  2370 | D:2      | Killed Sigmund
  2371 | D:2      | Reached skill level 5 in Stealth
  2371 | D:2      | Reached XP level 4. HP: 36/36 MP: 4/8
  2371 | D:2      | Reached XP level 5. HP: 42/42 MP: 4/9
  2723 | D:2      | Reached XP level 6. HP: 49/49 MP: 10/10
  3031 | D:3      | Noticed Grinder
  3100 | D:3      | Noticed Jessica
  3105 | D:3      | Killed Jessica
  4097 | D:4      | Reached skill level 6 in Stealth
  4257 | D:4      | Noticed Edmund
  4273 | D:4      | HP: 1/49 [Edmund/+2 dire flail of venom (7)]
  4274 | D:4      | Succumbed to Edmund's poison

Illustrated notes

Levels and vault maps discovered:
D:1:      beargit_arrival_greenhouse, layout_basic, serial_shops, shop,
          nrook_mini_vaults, st_stairs_6
D:2:      layout_loops_corners, uniq_sigmund
D:3:      layout_basic, uniq_grinder, uniq_jessica
D:4:      layout_loops_ring, uniq_crazy_yiuf_cottage, uniq_edmund

Skill      XL: |  1  2  3  4  5  6 |
---------------+-------------------+-----
Short Blades   | 3 |  3.8
Stealth        | 5 6 |  6.0
Hexes          | 4 |  4.9
Spellcasting   | 3 |  3.1
Dodging        | |  1.5

Action                   |  1- 3 |  4- 6 || total
-------------------------+-------+-------++-------
Melee: Dagger            |    73 |    40 ||   113
Throw: Stone             |       |     3 ||     3
 Cast: Ensorcelled Hiber |     6 |    27 ||    33
 Abil: Spit Poison       |    16 |     8 ||    24
  Use: Scroll            |       |     1 ||     1
       Potion            |       |     1 ||     1
 Stab: Sleeping          |    13 |    26 ||    39
Armor: Robe              |    10 |    18 ||    28
Dodge: Dodged            |    38 |    17 ||    55
